 Dungeon Crawl Stone Soup version 0.27-a0-797-g27d10ad80f (webtiles) character file.

Game seed: 14774945383119604064

6544 stormannn the Nimble (level 11, -4/81 HPs)
             Began as a Djinni Fire Elementalist on Mar 27, 2021.
             Was a Believer of Makhleb.
             Splashed by an acid dragon's acid (15 damage)
             ... on level 9 of the Dungeon.
             The game lasted 00:31:15 (8624 turns).

stormannn the Nimble (Djinni Fire Elementalist)     Turns: 8624, Time: 00:31:16

Health: -4/81      AC: -1    Str: 13    XL:     11   Next: 1%
Gold:   1841       EV: 21    Int: 21    God:    Makhleb [**....] SH:  0 Dex: 15

rFire    + + +     SeeInvis .   m - staff of fire
rCold    x . .     Faith    .   (no shield)
rNeg     . . .     Spirit   .   q - +1 robe of Insecurity {Int+2}
rPois    ∞         Reflect  .   (no helmet)
rElec    .         Harm     .   o - +2 cloak
rCorr    .         Rampage  .   l - +0 pair of gloves
Will     +....                  (boots unavailable)
Stlth    ++........             w - amulet of regeneration
HPRegen  1.23/turn              t - +4 ring of evasion
MPRegen  0.00/turn              h - +6 ring of strength

@: corroded, flying, studying Dodging
A: fire resistance 2, cold vulnerability 1, float, innate caster, hp casting,
extra vitality 1
a: Renounce Religion, Minor Destruction


You were on level 9 of the Dungeon.
You worshipped Makhleb.
Makhleb was pleased with you.
You visited 2 branches of the dungeon, and saw 10 of its levels.

You collected 1994 gold pieces.
You spent 153 gold pieces at shops.

Inventory:

Armour
 l - a +0 pair of gloves (worn)
 o - a +2 cloak (worn)
 q - the +1 robe of Insecurity (worn) {Int+2}
   (You bought it in a shop on level 4 of the Dungeon)

   It affects your intelligence (+2).
Magical Staves
 m - a staff of fire (weapon)
Jewellery
 h - a +6 ring of strength (right hand)
 t - a +4 ring of evasion (left hand)
 w - an amulet of regeneration (around neck)
Wands
 A - a wand of flame (18)
Scrolls
 b - 3 scrolls of brand weapon
 d - a scroll of teleportation
 e - a scroll of enchant armour
 g - 4 scrolls of identify
 p - a scroll of summoning
 u - a scroll of fear
Potions
 a - 3 potions of resistance {unknown}
 c - 3 potions of flight {unknown}
 f - 2 potions of haste {unknown}
 i - 3 potions of heal wounds
 j - 3 potions of curing
 r - a potion of berserk rage {unknown}
 s - a potion of ambrosia {unknown}
 v - 2 potions of attraction {unknown}
 z - a potion of lignification {unknown}
 D - a potion of magic {unknown}
 E - a potion of mutation {unknown}


   Skills:
 + Level 8.1 Fighting
 + Level 10.8 Dodging
 - Level 1.5 Stealth
 * Level 10.1 Spellcasting


You couldn't memorise any spells.
You knew the following spells:

 Your Spells              Type           Power      Damage    Failure   Level
a - Foxfire               Conj/Fire      100%       2x1d9     1%          1
b - Conjure Flame         Conj/Fire      69%        6-21      1%          3
c - Inner Flame           Hex/Fire       69%        N/A       1%          3
d - Sticky Flame          Conj/Fire      69%        2d8       1%          4
e - Fireball              Conj/Fire      34%        3d14      2%          5
f - Summon Small Mammal   Summ           100%       N/A       1%          1
g - Ensorcelled Hibernat  Hex/Ice        100%       N/A       1%          2
h - Frozen Ramparts       Ice            100%       1d12      1%          3
i - Olgreb's Toxic Radia  Pois           52%        N/A       1%          4
j - Leda's Liquefaction   Hex/Erth       26%        N/A       1%          4
Your spell library was empty.

Dungeon Overview and Level Annotations

Branches:
Dungeon (9/15)             Temple (1/1) D:6            Lair (0/6) D:8
    Orc: D:9-12

Altars:
Ashenzari
Cheibriados
Dithmenos
Elyvilon
Fedhas
Gozag
Hepliaklqana
Kikubaaqudgha
Makhleb
Nemelex Xobeh
Okawaru
Qazlal
Ru
Sif Muna
Trog
Uskayaw
Vehumet
Wu Jian
Xom
Yredelemnul
Zin
The Shining One

Shops:
D:4 [

Annotations:
D:6 2 transporters, 11223344's ghost, novice TrFi


Innate Abilities, Weirdness & Mutations

You are immune to poison.
Your flesh is very heat resistant. (rF++)
You are vulnerable to cold. (rC-)
You float through the air rather than walking.
You learn spells naturally, not from books.
Your magical power is your life essence.
You have superior vitality. (+4 HP)


Message History

The acid dragon is moderately wounded.
The foxfire hits the acid dragon.
The acid dragon is heavily wounded.
The acid dragon bites you. The acid dragon closely misses you.
Casting: Foxfire (safe; 1% risk of failure)
Confirm with . or Enter, or press ? or * to list all spells.
You feel a surge of power!
You conjure some foxfire!
The acid dragon completely misses you.
The acid dragon claws you but does no damage.
Unknown command.
The foxfire hits the acid dragon.
The acid dragon is severely wounded.
The foxfire hits the acid dragon but does no damage.
The acid dragon is severely wounded.
The acid dragon misses you. The acid dragon closely misses you.
Casting: Foxfire (safe; 1% risk of failure)
Confirm with . or Enter, or press ? or * to list all spells.
You feel a surge of power!
You conjure some foxfire!
The acid dragon spits acid at you. The splash of acid hits you!
The acid corrodes you!
You are splashed with acid!
* * * LOW HITPOINT WARNING * * *
Unknown command.
The foxfire hits the acid dragon but does no damage.
The acid dragon is severely wounded.
The foxfire hits the acid dragon but does no damage.
The acid dragon is severely wounded.
The acid dragon bites you.
* * * LOW HITPOINT WARNING * * *
The acid dragon completely misses you. The acid dragon misses you.
The acid dragon claws you but does no damage.
Casting: Foxfire (safe; 1% risk of failure)
Confirm with . or Enter, or press ? or * to list all spells.
You feel a surge of power!
You conjure some foxfire!
* * * LOW HITPOINT WARNING * * *
The acid dragon spits acid at you. The splash of acid hits you!
* * * LOW HITPOINT WARNING * * *
The acid corrodes you!
You are splashed with acid!
You die...

## #.##.# #.# .# #.##.#
#.# .####.##.# #.#
......##.# #.# .#######§#
#.# .# #.##.###.#### ..
.####§#.).)))...#####....
.(..............v...))...
......#..####.#.@))#####.
................vD......
###.#)...####.#....###..
#........##.#....# #
#........##.#....#
#.#........##.######
..#........##.#
#.....)......
#.#)#.#######


You could see an acid dragon (catching breath, ally target).

Vanquished Creatures
  Erica (D:9)
  A two-headed ogre (D:8)
  A kobold demonologist (D:9)
  Prince Ribbit (D:8)
  A wraith (D:6)
  A wyvern (D:8)
  Eustachio (D:6)
  Grum (D:8)
  6 yaks (D:7)
  3 vampire mosquitoes (D:9)
  A steam dragon (D:6)
  Edmund (D:6)
  Menkaure (D:6)
  2 water moccasins
  A hornet zombie (D:7)
  A black bear (D:4)
  3 wolves (D:8)
  3 ogres
  4 centaurs
  A phantom (D:6)
  3 kobold brigands (D:8)
  A bullfrog (D:8)
  A wyvern zombie (D:8)
  A scorpion (D:5)
  5 wights (D:8)
  A howler monkey (D:8)
  2 hounds (D:6)
  3 centaur zombies
  A bullfrog zombie (D:2)
  A centaur skeleton (D:4)
  2 orc priests
  2 gnoll shamans
  An iguana (D:6)
  4 orc wizards
  A hound skeleton (D:5)
  8 gnolls
  A howler monkey skeleton (D:7)
  8 adders
  A shadow imp (D:7)
  An adder skeleton (D:2)
  2 worms
  2 dart slugs
  26 orcs
  3 ball pythons
  2 bats
  8 endoplasms
  4 giant cockroaches
  3 goblins
  5 hobgoblins
  7 jackals
  15 kobolds
  2 quokkas
  3 frilled lizards (D:1)
  5 rats
170 creatures vanquished.

Vanquished Creatures (others)
  1143 foxfires
  3 fungi (D:8)
  5 plants (D:8)
1151 creatures vanquished.

Grand Total: 1321 creatures vanquished

Notes
Turn   | Place    | Note
-------+----------+-------------------------------------------
     0 | D:1      | stormannn the Djinni Fire Elementalist began the quest for
                  | the Orb.
     0 | D:1      | Reached XP level 1. HP: 15/15 MP: 0/0
   376 | D:1      | Reached XP level 2. HP: 21/22 MP: 0/0
  1236 | D:1      | Reached skill level 1 in Fighting
  1469 | D:2      | Reached XP level 3. HP: 24/27 MP: 0/0
  1469 | D:2      | Learned a level 1 spell: Summon Small Mammal
  1655 | D:2      | Reached XP level 4. HP: 26/32 MP: 0/0
  3010 | D:3      | Reached XP level 5. HP: 34/38 MP: 0/0
  3010 | D:3      | Learned a level 2 spell: Ensorcelled Hibernation
  4007 | D:4      | Noticed a black bear
  4027 | D:4      | Killed a black bear
  4028 | D:4      | Reached XP level 6. HP: 39/45 MP: 0/0
  4270 | D:4      | Found Itroofun's Antique Armour Shoppe.
  4351 | D:4      | Bought a steaming robe for 153 gold pieces
  4351 | D:4      | Identified the +1 robe of Insecurity {Int+2} (You bought it
                  | in a shop on level 4 of the Dungeon)
  4690 | D:5      | Entered Level 5 of the Dungeon
  4763 | D:4      | Reached XP level 7. HP: 21/50 MP: 0/0
  4763 | D:4      | Learned a level 3 spell: Frozen Ramparts
  4972 | D:5      | Reached skill level 5 in Spellcasting
  5602 | D:5      | Reached skill level 5 in Dodging
  5747 | D:6      | Noticed a steam dragon
  5778 | D:6      | Killed a steam dragon
  5779 | D:6      | Reached XP level 8. HP: 51/58 MP: 0/0
  5807 | D:6      | Found a staircase to the Ecumenical Temple.
  5816 | Temple   | Entered the Ecumenical Temple
  5876 | Temple   | Became a worshipper of Makhleb the Destroyer
  5959 | D:6      | Noticed Menkaure
  5963 | D:6      | Killed Menkaure
  5986 | D:6      | Noticed a wraith
  6021 | D:6      | Killed a wraith
  6024 | D:6      | Reached skill level 5 in Fighting
  6075 | D:6      | Found a transporter.
  6075 | D:6      | Noticed 11223344's ghost (novice TrFi)
  6097 | D:6      | Noticed Eustachio
  6098 | D:6      | Found a transporter.
  6108 | D:6      | Killed Eustachio
  6303 | D:6      | Noticed Edmund
  6312 | D:6      | Killed Edmund
  6313 | D:6      | Reached XP level 9. HP: 58/65 MP: 0/0
  6313 | D:6      | Learned a level 4 spell: Olgreb's Toxic Radiance
  6390 | D:7      | Found a shimmering altar of Xom.
  6390 | D:7      | Found a shimmering altar of Xom.
  6390 | D:7      | Found a shimmering altar of Xom.
  6390 | D:7      | Found a shimmering altar of Xom.
  6390 | D:7      | Found a shimmering altar of Xom.
  6826 | D:7      | Reached * piety under Makhleb
  6966 | D:7      | Noticed a harpy
  6972 | D:7      | Noticed a manticore
  6978 | D:7      | Noticed a hornet
  6978 | D:7      | a harpy changed into a hornet
  7121 | D:7      | Noticed a bunyip
  7257 | D:7      | Identified 3 scrolls of acquirement
  7257 | D:7      | Acquired 918 gold pieces
  7261 | D:7      | Acquired 698 gold pieces
  7263 | D:7      | Acquired a manual of Dodging
  7669 | D:8      | Reached XP level 10. HP: 73/73 MP: 0/0
  7745 | D:8      | Found a staircase to the Lair.
  7750 | D:8      | Noticed Grum
  7754 | D:8      | Noticed Prince Ribbit
  7761 | D:8      | Killed Prince Ribbit
  7761 | D:8      | Killed Grum
  7893 | D:8      | Noticed a two-headed ogre
  7904 | D:8      | Killed a two-headed ogre
  7950 | D:8      | Reached ** piety under Makhleb
  8201 | D:8      | Found an iron altar of Okawaru.
  8393 | D:9      | Noticed Erica
  8425 | D:9      | Killed Erica
  8426 | D:9      | Reached skill level 10 in Dodging
  8479 | D:9      | Noticed a kobold demonologist
  8482 | D:9      | Reached skill level 10 in Spellcasting
  8489 | D:9      | Killed a kobold demonologist
  8572 | D:9      | Reached XP level 11. HP: 81/81 MP: 0/0
  8572 | D:9      | Learned a level 4 spell: Leda's Liquefaction
  8624 | D:9      | Splashed by an acid dragon's acid

Illustrated notes

Levels and vault maps discovered:
D:1:      heliophobic_arrival_ceremonial_halls, layout_basic
D:2:      layout_basic
D:3:      layout_loops_corners, saegor_snake_ambush
D:4:      layout_rooms, serial_shops, shop, minmay_misc_feat_secret_circle
D:5:      layout_basic
D:6:      layout_rooms, minmay_temple_entry_junction, gammafunk_ghost_arena,
          minivault_26, uniq_eustachio, uniq_edmund, uniq_menkaure
D:7:      layout_cave_pods, xom_shifter_show
D:8:      layout_rooms, lemuel_round_altar, dpeg_oklobed_lair,
          uniq_prince_ribbit1, uniq_grum
D:9:      layout_basic, uniq_harold, uniq_erica
Temple:   grunt_wide_crystal_templ

Skill      XL: |  1  2  3  4  5  6  7  8  9 10 |
---------------+-------------------------------+-----
Spellcasting   | 3 4 5 7 8 10 | 10.1
Fighting       | 1 2 3 4 5 6 8 |  8.1
Dodging        | 3 4 5 6 8 10 | 10.8
Stealth        | |  1.5

Action                   |  1- 3 |  4- 6 |  7- 9 | 10-12 || total
-------------------------+-------+-------+-------+-------++-------
Melee: Unarmed           |     2 |     7 |       |       ||     9
       Staff             |       |       |    15 |     2 ||    17
 Cast: Foxfire           |    45 |   137 |   293 |   233 ||   708
       Summon Small Mamm |       |       |     9 |       ||     9
       Ensorcelled Hiber |       |       |     5 |       ||     5
       Frozen Ramparts   |       |       |     2 |     2 ||     4
       Olgreb's Toxic Ra |       |       |     4 |     3 ||     7
       Sticky Flame      |       |       |     4 |       ||     4
       Fireball          |       |       |     1 |     1 ||     2
       Conjure Flame     |       |       |       |     3 ||     3
  Use: Scroll            |       |       |    16 |       ||    16
       Potion            |       |       |     1 |     1 ||     2
Armor: Robe              |       |    14 |    31 |     8 ||    53
Dodge: Dodged            |     1 |    33 |   153 |    34 ||   221

Table legend: (Time is in decaauts)
 A = Elapsed time spent in this place.
 B = Non-inter-level travel time spent in this place.
 C = Inter-level travel time spent in this place.
 D = Time resting spent in this place.
 E = Time spent auto-exploring this place.
 F = Levels seen in this place.
 G = Mean time per level.
                   A        B        C        D        E       F      G
               +--------+--------+--------+--------+--------+-----+--------+
         Total |   8649 |   8195 |    454 |   1422 |   5054 |  10 |  864.9 |
       Dungeon |   8575 |   8133 |    442 |   1422 |   4999 |   9 |  952.8 |
        Temple |     73 |     61 |     12 |      0 |     55 |   1 |   73.0 |
               +--------+--------+--------+--------+--------+-----+--------+

Top non-repeatable levels by time:
     D:1: 1434 daAuts
     D:3: 1361 daAuts
     D:2: 1156 daAuts
     D:4: 1093 daAuts
     D:7: 1049 daAuts
     D:8: 834 daAuts
     D:5: 700 daAuts
     D:6: 690 daAuts
     D:9: 255 daAuts
  Temple: 73 daAuts
